 Dungeon Crawl Stone Soup version 0.26-a0-215-g1b87330c0f (webtiles) character file.

Game seed: 2940375305813719383

805 BritishOli the Slasher (level 7, -5/55 HPs)
             Began as a Demonspawn Gladiator on July 6, 2020.
             Slain by an orc warrior
             ... wielding a +1 short sword of freezing
              (19 damage)
             ... on level 5 of the Dungeon.
             The game lasted 00:06:02 (6154 turns).

BritishOli the Slasher (Demonspawn Gladiator)       Turns: 6154, Time: 00:06:03

Health: -5/55      AC:  8    Str: 16    XL:     7   Next: 60%
Magic:  7/7        EV: 11    Int:  9    God:
Gold:   337        SH:  0    Dex: 15    Spells: 6/6 levels left

rFire    . . .     SeeInvis .   a - +0 long sword
rCold    . . .     Faith    .   (no shield)
rNeg     . . .     Spirit   .   b - +0 scale mail
rPois    .         Reflect  .   c - +0 helmet
rElec    .         Harm     .   e - scarf {+Inv}
rCorr    .                      (no gloves)
MR       .....                  (no boots)
Stlth    ..........             l - amulet of the acrobat
HPRegen  0.18/turn              (no ring)
MPRegen  0.10/turn              (no ring)

@: no status effects
A: claws 2, powered by death 1
a: Evoke Invisibility


You were on level 5 of the Dungeon.
You were not hungry.

You visited 2 branches of the dungeon, and saw 7 of its levels.

You collected 337 gold pieces.

Inventory:

Hand Weapons
 a - a +0 long sword (weapon)
Armour
 b - a +0 scale mail (worn)
 c - a +0 helmet (worn)
 e - a scarf of invisibility (worn)
Jewellery
 l - an amulet of the acrobat (around neck)
Scrolls
 f - 3 scrolls of magic mapping {unknown}
 h - 5 scrolls of remove curse {unknown}
 i - 2 scrolls of enchant weapon {unknown}
 j - 7 scrolls of identify {unknown}
 k - a scroll of noise {unknown}
 p - 3 scrolls of amnesia {unknown}
 q - 2 scrolls of immolation {unknown}
 r - a scroll of teleportation {unknown}
 s - a scroll of fog {unknown}
Potions
 g - a potion of flight {unknown}
 m - a potion of might {unknown}
 n - 2 potions of ambrosia {unknown}
 o - 2 potions of resistance {unknown}
 t - a potion of brilliance {unknown}


   Skills:
 + Level 4.5 Fighting
 * Level 5.8 Long Blades
 - Level 2.1 Throwing
 + Level 3.5 Armour
 + Level 3.2 Dodging


You had 6 spell levels left.
You didn't know any spells.
Your spell library was empty.

Dungeon Overview and Level Annotations

Branches:
Dungeon (6/15)             Temple (1/1) D:4

Altars:
Cheibriados
Dithmenos
Elyvilon
Fedhas
Gozag
Hepliaklqana
Kikubaaqudgha
Makhleb
Nemelex Xobeh
Qazlal
Ru
Sif Muna
Trog
Uskayaw
Vehumet
Wu Jian
Yredelemnul
Zin

Annotations:
D:5 3 runed translucent doors, BritishOli's ghost, amateur DsGl


Innate Abilities, Weirdness & Mutations

You have very sharp fingernails.
You regenerate a little health from kills.


Message History

You hit the orc warrior but do no damage.
The orc warrior is heavily wounded.
The orc warrior struggles against the net.
You completely miss the orc warrior.
The orc warrior is heavily wounded.
The orc warrior struggles against the net.
You hit the orc warrior.
The orc warrior is severely wounded.
The orc warrior struggles against the net.
You completely miss the orc warrior.
The orc warrior is severely wounded.
The orc warrior struggles against the net.
You hit the orc warrior.
The orc warrior is severely wounded.
The orc warrior struggles against the net.
The net rips apart, and the orc warrior comes free!
You hit the orc warrior but do no damage.
The orc warrior is severely wounded.
The orc warrior hits you with a +1 short sword of freezing!!
You die...

.##.####≈≈≈≈≈...≈≈♣......###..###
.##...##≈≈≈≈≈≈...≈#####..# ##...#
.###...#♣PP≈≈≈...##.###..# ###..
........♣≈≈P≈♣.......##..#######.
####...##♣≈≈P♣.>.#...............
##.###♣≈≈≈P..###......#####.##
#.# #.♣P≈..## ##.....#####.##
#.###.#≈###.###o.............
#...........@#..####.#####.##
#####.#######o#.# #.......# #.#
#.#.# #.####..# #.# #.#.# #.#
#..# #.# #.#.# ##.## #..## #.#
#.#.###...###..##
#.#######..............##
#...........###...##..###
###########..............


You could see an orc warrior.

Vanquished Creatures
  A phantom (D:5)
  2 ice beasts
  An ogre (D:4)
  A howler monkey (D:5)
  2 orc priests
  A hound (D:5)
  A bullfrog skeleton (D:4)
  Jessica (D:3)
  3 worker ants (D:4)
  7 adders
  2 oozes
  An adder skeleton (D:3)
  An adder zombie (D:5)
  3 worms
  3 dart slugs (D:2)
  5 leopard geckos
  8 orcs
  A ball python (D:1)
  8 bats
  A giant cockroach (D:3)
  10 goblins
  7 hobgoblins
  12 jackals
  2 quokkas
  6 frilled lizards
  A jackal skeleton (D:4)
  12 kobolds
  A leopard gecko skeleton (D:4)
  8 rats
  A fungus (D:1)
113 creatures vanquished.

Vanquished Creatures (others)
  A plant (D:5)
  3 toadstools (D:1)
4 creatures vanquished.

Grand Total: 117 creatures vanquished

Notes
Turn   | Place    | Note
-------+----------+-------------------------------------------
     0 | D:1      | BritishOli the Demonspawn Gladiator began the quest for the
                  | Orb.
     0 | D:1      | Reached XP level 1. HP: 16/16 MP: 1/1
   245 | D:1      | Gained mutation: You have sharp fingernails. [demonic
                  | ancestry]
   245 | D:1      | Reached XP level 2. HP: 14/22 MP: 2/2
   609 | D:1      | Reached XP level 3. HP: 27/28 MP: 3/3
   766 | D:1      | Reached skill level 3 in Long Blades
   995 | D:2      | Reached skill level 1 in Armour
  1397 | D:2      | Reached XP level 4. HP: 31/34 MP: 4/4
  2209 | D:3      | Gained mutation: You have very sharp fingernails. [demonic
                  | ancestry]
  2209 | D:3      | Reached XP level 5. HP: 36/41 MP: 5/5
  2357 | D:3      | Noticed Jessica
  2363 | D:3      | Killed Jessica
  2363 | D:3      | Reached skill level 4 in Long Blades
  3025 | D:3      | Found a sacrificial altar of Ru.
  3078 | D:3      | Found an ornate altar of the Wu Jian Council.
  3078 | D:3      | Found a bloodstained altar of Trog.
  3248 | D:4      | Found a staircase to the Ecumenical Temple.
  3531 | D:4      | Noticed an ice beast
  3538 | D:4      | Killed an ice beast
  3538 | D:4      | Reached XP level 6. HP: 34/48 MP: 6/6
  4155 | Temple   | Entered the Ecumenical Temple
  4491 | D:5      | Entered Level 5 of the Dungeon
  4733 | D:5      | Reached skill level 5 in Long Blades
  4947 | D:5      | Gained mutation: You regenerate a little health from kills.
                  | [demonic ancestry]
  4947 | D:5      | Reached XP level 7. HP: 42/54 MP: 7/7
  4969 | D:5      | Noticed BritishOli's ghost (amateur DsGl)
  4981 | D:5      | Found an ancient bone altar of Kikubaaqudgha.
  5022 | D:5      | Found a runed translucent gate.
  5022 | D:5      | Found a runed translucent gate.
  5022 | D:5      | Found a runed translucent gate.
  5588 | D:5      | Found a sparkling altar of Nemelex Xobeh.
  6154 | D:5      | Slain by an orc warrior

Illustrated notes

Levels and vault maps discovered:
D:1:      tarquinn_simple_flora_water_e, layout_basic, minmay_gold_behind_fungi
D:2:      layout_basic
D:3:      layout_loops_ring, nicolae_ru_path_of_blood,
          gammafunk_temple_overflow_wave, first_ration, uniq_jessica
D:4:      layout_gridville, temple_pool_b
D:5:      layout_loops_ring, lemuel_round_altar,
          nemelex_xobeh_ov_fountains_minmay, gammafunk_ghost_icy,
          serial_bayou_ford_a
D:6:      layout_layer_cave, marbit_many_paths, lemuel_round_altar,
          okawaru_trees_1, serial_shops, shop, serial_undead, serial_undead_e,
          serial_undead_c, serial_undead_e, serial_undead_e,
          lemuel_blue_sif_altar
Temple:   oiseaux_autumnal_temple

Skill      XL: |  1  2  3  4  5  6 |
---------------+-------------------+-----
Throwing       | 2 |  2.1
Dodging        | 3 |  3.2
Long Blades    | 3 4 5 |  5.8
Armour         | 1 2 3 |  3.5
Fighting       | 3 4 |  4.5

Action                   |  1- 3 |  4- 6 |  7- 9 || total
-------------------------+-------+-------+-------++-------
Melee: Long sword        |   107 |   226 |    72 ||   405
Throw: Throwing net      |       |       |     3 ||     3
 Stab: Held in net/web   |       |       |     1 ||     1
  Eat: Ration            |     1 |     3 |     1 ||     5
Armor: Leather armour    |     9 |       |       ||     9
       Ring mail         |    34 |    34 |       ||    68
       Scale mail        |       |    47 |    36 ||    83
Dodge: Dodged            |    86 |   175 |    40 ||   301
       Rpst.: Long sword |    24 |    61 |    14 ||    99

Table legend:
 A = Non-vault XP
 B = Vault XP
 C = Vault XP percentage of total XP
 D = Non-vault monster count
 E = Vault monster count
 F = Vault count percentage of total count
                 A         B        C        D         E       F
            +---------+---------+-------+---------+---------+-------
      Total |    1114 |      37 |   3.2 |     111 |       1 |   0.9
            +---------+---------+-------+---------+---------+-------
        D:1 |      52 |       0 |   0.0 |      27 |       0 |   0.0
        D:2 |      88 |       0 |   0.0 |      24 |       0 |   0.0
        D:3 |     121 |      37 |  23.4 |      32 |       1 |   3.0
        D:4 |     405 |       0 |   0.0 |      12 |       0 |   0.0
        D:5 |     407 |       0 |   0.0 |      15 |       0 |   0.0
        D:6 |      41 |       0 |   0.0 |       1 |       0 |   0.0
            +---------+---------+-------+---------+---------+-------
